 Dungeon Crawl Stone Soup version 0.29.1-14-g9c671dbff4 (webtiles) character file.

Game seed: 2690842998011294382

147 Ghostortoast the Trooper (level 5, 0/33 HPs)
             Began as a Gargoyle Abyssal Knight on Feb 12, 2023.
             Was a Priest of Lugonu.
             Slain by an orc wizard
             ... wielding a +0 dagger
              (1 damage)
             ... on level 4 of the Dungeon.
             The game lasted 00:11:12 (3569 turns).

Ghostortoast the Trooper (Gargoyle Abyssal Knight)  Turns: 3569, Time: 00:11:12

Health: 0/33       AC:  2    Str: 19    XL:     5   Next: 29%
Magic:  7/7        EV: 10    Int: 10    God:    Lugonu [***...]
Gold:   128        SH:  3    Dex: 12    Spells: 4/4 levels left

rFire   . . .      SeeInvis .   a - +2 mace (freeze)
rCold   . . .      Faith    .   e - +0 buckler of the Slorg {rPois Dex+2}
rNeg    + . .      Spirit   .   k - +0 ring mail
rPois   ∞          Reflect  .   t - +0 helmet
rElec   +          Harm     .   d - scarf {shadows}
rCorr   .          Rampage  .   (no gloves)
Will    .....                   (no boots)
Stlth   +.........              (no amulet)
HPRegen 0.11/turn               (no ring)
MPRegen 0.10/turn               (no ring)

@: corroded
A: sickness immunity, AC +4, negative energy resistance 1, electricity
resistance, torment resistance 1, petrification resistance
a: Renounce Religion, Depart the Abyss, Bend Space, Banish


You were on level 4 of the Dungeon.
You worshipped Lugonu.
Lugonu was most pleased with you.
You visited 1 branch of the dungeon, and saw 4 of its levels.
You visited the Abyss 1 time.

You collected 128 gold pieces.

Inventory:

Hand Weapons
 a - a +2 mace of freezing (weapon)
Missiles
 m - 17 stones (quivered)
 q - 3 atropa-tipped darts
Armour
 d - a scarf of shadows (worn)
 e - the +0 buckler of the Slorg (worn) {rPois Dex+2}
   (You acquired it on level 3 of the Dungeon)

   Dex:       It affects your dexterity (+2).
   rPois:     It protects you from poison.
 k - a +0 ring mail (worn)
 t - a +0 helmet (worn)
Scrolls
 g - 2 scrolls of blinking
 o - 5 scrolls of identify
 r - 3 scrolls of teleportation
 s - a scroll of torment {unknown}
 u - 3 scrolls of magic mapping
Potions
 f - 2 potions of cancellation {unknown}
 h - a potion of magic {unknown}
 i - 2 potions of curing {unknown}
 j - a potion of mutation {unknown}
 l - 2 potions of invisibility {unknown}
 n - 3 potions of berserk rage
 p - a potion of might {unknown}


   Skills:
 + Level 4.2 Fighting
 * Level 4.0 Maces & Flails
 - Level 2.1 Armour
 - Level 0.7 Dodging
 + Level 3.3 Invocations


You had 4 spell levels left.
You didn't know any spells.
Your spell library contained the following spells:

 Spells                   Type           Power      Damage    Failure   Level
 Slow                     Hex            0%         N/A       65%         1
 Call Imp                 Summ           0%         N/A       80%         2
 Confusing Touch          Hex            0%         N/A       95%         3
 Vampiric Draining        Necr           0%         2d6       95%         3
 Yara's Violent Unravell  Hex/Tmut       0%         3d3       100%        5
 Haunt                    Necr/Summ      0%         N/A       100%        7


Dungeon Overview and Level Annotations

Branches:
Dungeon (4/15)
 Temple: D:4-7

Altars:
The Shining One

Shops:
D:4 (


Innate Abilities, Weirdness & Mutations

You are immune to sickness and miasma.
Your stone body is resilient. (AC +4)
You are immune to poison.
You resist negative energy. (rN+)
You are resistant to electric shocks. (rElec)
You are resistant to unholy torment.
You are immune to petrification.


Message History

Deactivating autopickup; reactivate with Ctrl-A.
The jelly hits you but does no damage.
You hit the jelly. You freeze the jelly.
Your hands burn!
The jelly is almost dead.
The jelly barely misses you. The jelly hits you but does no damage.
You barely miss the jelly.
The jelly is almost dead.
The jelly hits you. The acid corrodes you!
You are splashed with acid!
You barely miss the jelly.
The jelly is almost dead.
The jelly hits you but does no damage.
You hit the jelly. You freeze the jelly.
You kill the jelly!
Lugonu accepts your kill.
Your Maces & Flails skill increases to level 4!
You closely miss the orc. The orc barely misses you.
The orc closely misses you.
You barely miss the orc. You closely miss the orc.
The orc hits you with a +0 club.
You hit the orc but do no damage. The orc hits you with a +0 flail!
Something hits you but does no damage. You block the orc's attack.
You are too injured to fight recklessly!
You are too injured to fight recklessly!
You are too injured to fight recklessly!
You hit the orc. You freeze the orc.
The orc is almost dead.
The orc hits you with a +0 flail.
You hear some strange, mumbled words.
A puff of flame appears from out of thin air!
The puff of flame hits you!
* * * LOW HITPOINT WARNING * * *
The orc hits you but does no damage. The orc completely misses you.
Something hits you.
* * * LOW HITPOINT WARNING * * *
The orc barely misses you.
As you read the scroll of fear, it crumbles to dust.
You assume a fearsome visage.
The orc looks frightened! x2
The orc howls, "Help!"
Something hits you.
You die...

#.# # #.#
#.#####.########
#........)......
#+###........##......
#....######..##.####.
#...### #..##.#
.###.{...####..##.#
....o.@........##.#
####......###.###<#
#..o...# #.# #.#
##....## #.# #.#
#..... ..# #.#
.....### #.# #.#
.....# #.. ..# ##.#.
###


You could see 2 orcs.

Vanquished Creatures
  A jelly (D:4)
  Robin (D:3)
  4 adders
  6 endoplasms
  3 giant cockroaches
  7 hobgoblins
  3 jackals (D:1)
  4 quokkas
  7 ball pythons
  3 bats (D:3)
  A frilled lizard (D:1)
  13 goblins
  4 kobolds
  8 rats
65 creatures vanquished.

Notes
Turn   | Place    | Note
-------+----------+-------------------------------------------
     0 | Abyss:1  | Ghostortoast the Gargoyle Abyssal Knight began the quest
                  | for the Orb.
     0 | Abyss:1  | Reached XP level 1. HP: 14/14 MP: 2/2
     1 | D:1      | Escaped the Abyss
   358 | D:1      | Reached XP level 2. HP: 19/19 MP: 3/3
  1618 | D:2      | Reached XP level 3. HP: 15/23 MP: 4/4
  2242 | D:2      | Reached *** piety under Lugonu
  2558 | D:3      | Identified a scroll of acquirement
  2558 | D:3      | Acquired the +0 buckler of the Slorg {rPois Dex+2}
  2663 | D:3      | Found a glowing golden altar of the Shining One.
  2667 | D:3      | Reached XP level 4. HP: 29/29 MP: 6/6
  2783 | D:3      | Noticed Robin
  2910 | D:3      | Killed Robin
  2977 | D:3      | Got the Volume of the Alluring Flock
  3104 | D:3      | Found a faded altar of an unknown god.
  3499 | D:4      | Found Waibroir's Weapon Shop.
  3542 | D:4      | Reached XP level 5. HP: 33/33 MP: 7/7
  3568 | D:4      | HP: 1/33 [something (2)]
  3569 | D:4      | Slain by an orc wizard

Illustrated notes

Levels and vault maps discovered:
D:1:      kennysheep_arrival_seaside, layout_basic, dk_noncrumbling_4,
          minmay_box_of_dots
D:2:      minmay_evil_eye, layout_loops_cross
D:3:      layout_basic, mainiacjoe_overflow_six_doors_small,
          nicolae_ecumenical_snake_handling, roderic_malta_cross, minivault_5,
          uniq_robin
D:4:      layout_loops_ring, serial_shops, nicolae_stop_n_shop_2,
          kennysheep_little_box, shop, nicolae_shop_trees

Skill      XL: |  1  2  3  4  5 |
---------------+----------------+-----
Maces & Flails | 3 4 |  4.0
Fighting       | 4 |  4.2
Invocations    | 3 |  3.3
Armour         | |  2.1
Dodging        | |  0.7

Action                   |  1- 3 |  4- 6 || total
-------------------------+-------+-------++-------
Melee: Mace              |   102 |    64 ||   166
       Punch             |     2 |       ||     2
  Use: Scroll            |    11 |     1 ||    12
Armor: Leather armour    |     6 |       ||     6
       Ring mail         |    38 |    38 ||    76
Dodge: Dodged            |    61 |    43 ||   104
Block: Buckler           |     1 |     4 ||     5
